 Dungeon Crawl Stone Soup version 0.19.5 (webtiles) character file.

826 theAP the Basher (level 7, -4/43 HPs)
             Began as a Gargoyle Fighter on Apr 7, 2017.
             Slain by an ogre
             ... wielding a +0 giant spiked club
              (16 damage)
             ... on level 4 of the Dungeon.
             The game lasted 00:08:10 (3077 turns).

theAP the Basher (Gargoyle Fighter)                 Turns: 3077, Time: 00:08:11

Health: -4/43      AC: 21    Str: 26    XL:     7   Next: 96%
Magic:  7/7        EV:  4    Int:  4    God:
Gold:   171        SH: 10    Dex: 16    Spells: 0 memorised, 6 levels left

rFire  . . .     SeeInvis .     t - +3 mace "Sedetah" {crush, rN+ Str+4 Int-4 Dex+7}
rCold  . . .     Gourm    .     v - +1 plate armour
rNeg   + + .     Faith    .     c - +0 shield
rPois  ∞         Spirit   .     u - +0 hat
rElec  +         Reflect  .     p - +0 cloak
rCorr  .         Harm     .     l - +2 pair of gloves
MR     .....                    (no boots)
Stlth  ..........               (no amulet)
                                (no ring)
                                (no ring)

@: no status effects
A: negative energy resistance 1, electricity resistance, unbreathing,
petrification resistance, rot immunity, AC +4
a: no special abilities


You were on level 4 of the Dungeon.
You were hungry.

You visited 1 branch of the dungeon, and saw 5 of its levels.

You collected 171 gold pieces.

Inventory:

Hand Weapons
 a - a +0 flail
 s - a +2 whip of electrocution
 t - the +3 mace "Sedetah" (weapon) {crush, rN+ Str+4 Int-4 Dex+7}
   (You found it on level 4 of the Dungeon)

   It inflicts extra damage upon your enemies.
   It affects your strength (+4).
   It affects your intelligence (-4).
   It affects your dexterity (+7).
   It protects you from negative energy.
 w - a +0 whip of venom
Armour
 c - a +0 shield (worn)
 l - a +2 pair of gloves (worn)
 p - a +0 cloak (worn)
 u - a +0 hat (worn)
 v - a +1 plate armour (worn)
Scrolls
 e - a scroll of magic mapping
 i - 5 scrolls of recharging
 j - a scroll of teleportation
 k - 2 scrolls of amnesia
 o - a scroll of remove curse
Potions
 d - 2 potions of might
 h - a potion of heal wounds
 m - a potion of magic {unknown}
 n - a potion of flight {unknown}
 r - 3 potions of agility
 x - 3 potions of curing {unknown}
 A - a potion of haste {unknown}
Comestibles
 b - 2 fruits
 f - 3 bread rations
 g - 4 meat rations
 q - a beef jerky


   Skills:
 + Level 4.2 Fighting
 * Level 8.4 Maces & Flails
 - Level 3.4 Armour
 - Level 3.3 Shields


You had 6 spell levels left.
You didn't know any spells.

Dungeon Overview and Level Annotations

Branches:
Dungeon (5/15)
 Temple: D:4-7

Altars:
Dithmenos

Annotations:
D:5 Mesmaeker13's ghost, amateur DECj


Innate Abilities, Weirdness & Mutations

You are resistant to torment.
Your stone body is resilient. (AC +4)
You are immune to poison.
You resist negative energy. (rN+)
You are resistant to electric shocks. (rElec)
You can survive without breathing.
You are immune to petrification.
You are immune to rotting.


Message History

The ogre is severely wounded.
The gnoll sergeant barely misses you.
Your shield prevents you from hitting the ogre.
The ogre is severely wounded.
The ogre hits you but does no damage.
The gnoll sergeant hits you but does no damage.
The worm bites you.
* * * LOW HITPOINT WARNING * * *
You are too injured to fight recklessly!
You are too injured to fight recklessly!
You are too injured to fight recklessly!
You barely miss the ogre.
The ogre is severely wounded.
You block the gnoll sergeant's attack. You block the ogre's attack.
You block the worm's attack.
You hit the ogre.
The ogre is severely wounded.
The gnoll sergeant hits you but does no damage.
The ogre hits you with a giant spiked club!
You die...

..............# #........#....
..............# #........#....
..............# #........#....
##......###...# ##.##....####'
##......####+########.##########.
.#...............................
.#...............................
.#..............w)...............
.#.....^.......O@g...............
##..###+###...###.....####'######
##..##..###...###.....##......##.
...............#.................
...............#.................
...............#...).............
...###...####+######..##.##...##.
...###'######.##..##..#####...##.
....÷......#.................<...


You could see an ogre, a gnoll sergeant and a worm.

Vanquished Creatures
  The ghost of Lucio the Slasher, an amateur VSFi (D:3)
  The ghost of Lucio the Sneak, an amateur SpVM of Okawaru (D:4)
  An ogre (D:3)
  2 howler monkeys (D:4)
  A crimson imp (D:4)
  A hound (D:3)
  An orc priest (D:4)
  An iguana (D:4)
  Natasha (thrice) (D:3)
  2 orc wizards (D:4)
  A worker ant (D:4)
  8 adders
  A gnoll (D:4)
  5 worms
  2 dart slugs
  6 leopard geckos
  4 orcs (D:4)
  10 bats
  2 giant cockroaches
  15 goblins
  11 hobgoblins
  2 jackals (D:4)
  9 kobolds
  A quokka (D:3)
  2 ball pythons
  6 frilled lizards
  3 rats
102 creatures vanquished.

Notes
Turn   | Place    | Note
-------+----------+-------------------------------------------
     0 | D:1      | theAP the Gargoyle Fighter began the quest for the Orb.
     0 | D:1      | Reached XP level 1. HP: 14/14 MP: 1/1
    55 | D:1      | Reached XP level 2. HP: 18/19 MP: 2/2
   434 | D:1      | Reached XP level 3. HP: 22/23 MP: 3/3
   442 | D:1      | Reached skill level 3 in Maces & Flails
   859 | D:2      | Reached XP level 4. HP: 26/28 MP: 4/4
   956 | D:2      | Reached skill level 4 in Maces & Flails
  1294 | D:3      | Reached XP level 5. HP: 29/33 MP: 5/5
  1374 | D:3      | Noticed Natasha
  1377 | D:3      | Killed Natasha
  1377 | D:3      | Reached skill level 5 in Maces & Flails
  1466 | D:3      | Noticed Natasha
  1478 | D:3      | Killed Natasha
  1496 | D:3      | Noticed Lucio's ghost (amateur VSFi)
  1509 | D:3      | Killed Lucio's ghost
  1509 | D:3      | Reached skill level 6 in Maces & Flails
  1509 | D:3      | Reached XP level 6. HP: 34/38 MP: 6/6
  1516 | D:3      | Noticed Natasha
  1520 | D:3      | Killed Natasha
  1641 | D:3      | Found a shadowy altar of Dithmenos.
  1794 | D:3      | Reached XP level 7. HP: 19/43 MP: 7/7
  2169 | D:4      | Noticed Lucio's ghost (amateur SpVM)
  2218 | D:4      | Killed Lucio's ghost
  2218 | D:4      | Reached skill level 7 in Maces & Flails
  2353 | D:4      | Got a bloodstained mace
  2354 | D:4      | Identified the +3 mace "Sedetah" {crush, rN+ Str+4 Int-4 Dex+7} (You found it on level 4 of the Dungeon)
  2456 | D:4      | Reached skill level 8 in Maces & Flails
  2733 | D:5      | Entered Level 5 of the Dungeon
  2739 | D:5      | Noticed Mesmaeker13's ghost (amateur DECj)
  3077 | D:4      | Slain by an ogre

Skill      XL: |  1  2  3  4  5  6  7 |
---------------+----------------------+-----
Maces & Flails | 3 4 6 8 |  8.4
Fighting       | 4 |  4.2
Armour         | |  3.4
Shields        | |  3.3

Action                   |  1- 3 |  4- 6 |  7- 9 || total
-------------------------+-------+-------+-------++-------
Melee: Flail             |   129 |    20 |       ||   149
       Whip              |       |   121 |    84 ||   205
       Mace              |       |       |    77 ||    77
  Use: Scroll            |       |       |    10 ||    10
  Eat: Chunk             |       |     3 |     4 ||     7
Armor: Scale mail        |    78 |    51 |    44 ||   173
       Plate armour      |       |       |    55 ||    55
Dodge: Dodged            |    47 |    31 |    24 ||   102
Block: Shield            |    81 |    42 |    64 ||   187
